FIQ, neutral male scurrid Tourist ----------- |.......}..--- |.......}..... |}}}..};{}..r| |;};};;}}}}.$| ;;;}}}..};.--- ----------- FIQ the Rambler Experience level: 1 Strength: 10 Dexterity: 12 Constitution: 13 Intelligence: 16 Wisdom: 8 Charisma: 16 Health: 9(9) Energy: 2(2) Def: 0 Gold: 673 Moves: 22 Dungeon seed: NERYMoIrGzeWR0Yv Game ID: FIQ_1498602487 Your Inventory: Coins $ - 673 gold pieces Weapons a - 39 uncursed +2 darts (in quiver) Armor e - an uncursed +0 Hawaiian shirt (being worn) Comestibles b - an uncursed cream pie c - 3 uncursed food rations d - an uncursed fortune cookie f - an uncursed banana g - 2 uncursed tripe rations h - an uncursed tin of spinach i - an uncursed chestnut Scrolls l - 4 uncursed scrolls of magic mapping Potions j - an uncursed potion of extra healing k - a blessed potion of extra healing Wands o - an uncursed wand of secret door detection (0:12) Tools m - an uncursed expensive camera (0:33) n - an uncursed credit card p - an uncursed leash Spells and supernatural/magical abilities: Name Level Category Fail Memory W - pray for help -- divine ? -- Your skills at the end: Miscellaneous Skills wands [Basic] Weapon Skills dart [Basic] Spellcasting Skills Final Attributes: You were devoutly aligned. You had infravision. You were very stealthy. You survived. Voluntary challenges: You went without food. You did not adorn yourself with jewelry or accessories. You did not cause conflict. You were not invisible. You did not have reflection. You were not displaced. You were an atheist. You never hit with a wielded weapon. You were a pacifist. You did not use tools. You did not use plumbed fixtures. You did not drink any magical draughts. You were illiterate. You never genocided any monsters. You never polymorphed an object. You never changed form. You used no wishes. You never split a pudding. You never wrote Elbereth's name. You never violated your personal moral code. Dungeon overview: The Dungeons of Doom: levels 1 to 10 Level 1 a long staircase Level 2 Level 3 Level 4 an altar to Blind Io Level 5 Level 6 Level 7 Level 8 Level 9 a fountain Level 10 <- You were here a fountain History has recorded: On T:1 you entered the Dungeons of Doom to retrieve the Amulet of Yendor! On T:4 you reached level 2 of The Dungeons of Doom. On T:6 you reached level 3 of The Dungeons of Doom. On T:8 you reached level 4 of The Dungeons of Doom. On T:10 you reached level 5 of The Dungeons of Doom. On T:13 you reached level 6 of The Dungeons of Doom. On T:15 you reached level 7 of The Dungeons of Doom. On T:17 you reached level 8 of The Dungeons of Doom. On T:19 you reached level 9 of The Dungeons of Doom. On T:22 you reached level 10 of The Dungeons of Doom. Score breakdown: Gold: 41 ( 4 points) Experience: 1 level ( 0 points) Exploration: 10 levels ( 270 points) Discoveries: 0 items ( 0 points) Variety of kills: 0 monsters ( 0 points) Major goal: (nothing yet) ( 0 points) Survival: quit (score multiplied by 3) Total score: 822 Latest messages: You dig a hole through the floor. You fall through... You start digging downward. You continue digging downward. You dig a pit in the floor. You continue digging downward. You dig a hole through the floor. You fall through... You start digging downward. You continue digging downward. You dig a pit in the floor. You continue digging downward. You dig a hole through the floor. You fall through... You start digging downward. You continue digging downward. You dig a pit in the floor. You continue digging downward. You dig a hole through the floor. You fall through... You start digging downward. You continue digging downward. You dig a pit in the floor. You continue digging downward. You dig a hole through the floor. You fall through... That command is only available in debug mode. Final status: Aloha FIQ the Tourist, quit... You quit in The Dungeons of Doom on dungeon level 10 with 822 points, and 673 pieces of gold, after 22 moves. You were level 1 with a maximum of 9 hit points when you quit.